 Dungeon Sprint DCSS version 0.18-a0-1426-g3b9a63c (webtiles) character file.

142 chei the Tainter (level 5, -7/43 HPs)
             Began as a Naga Venom Mage on Feb 27, 2016.
             Was a Believer of Cheibriados.
             Mangled by a hill giant
             ... wielding a +0 giant spiked club
              (38 damage)
             ... in the Dungeon (Sprint IX: "|||||||||||||||||||||||||||||").
             The game lasted 00:03:04 (400 turns).

chei the Tainter (Naga Venom Mage)                   Turns: 400, Time: 00:03:04

Health: -7/43      AC:  3    Str: 17    XL:     5   Next: 25%
Magic:  3/9        EV: 11    Int: 21    God:    Cheibriados [**....]
Gold:   0          SH:  0    Dex: 18    Spells: 2 memorised, 6 levels left

rFire  . . .     SeeInvis +     n - +0 lajatang (pain)
rCold  . . .     Gourm    .     a - +0 robe
rNeg   . . .     Faith    .     (shield currently unavailable)
rPois  +         Spirit   .     (no helmet)
rElec  .         Dismiss  .     (no cloak)
rCorr  .         Reflect  .     m - +0 pair of gloves
SustAt .         Harm     .     (no barding)
MR     .....     NoTele   +     (no amulet)
Stlth  +++.......               q - +3 ring of strength
                                p - +3 ring of dexterity

@: short of breath, very slow, not resistant to hostile enchantments, fairly
stealthy
A: see invisible, deformed body, poison resistance, slowness 2, slow metabolism
1, spit poison 2, AC +1
a: Spit Poison, Bend Time, Renounce Religion


You were in the Dungeon.
You worshipped Cheibriados.
Cheibriados was pleased with you.
You were not hungry.

You visited 1 branch

Inventory:

Hand Weapons
 n - a +0 lajatang of pain (weapon)
Armour
 a - a +0 robe (worn)
 m - a +0 pair of gloves (worn)
 o - a +1 chain mail
Magical Staves
 l - an uncursed staff of energy
Jewellery
 p - a +3 ring of dexterity (left hand)
 q - a +3 ring of strength (right hand)
Wands
 k - a wand of acid (5/15)
Scrolls
 h - 3 scrolls of remove curse
 i - 2 scrolls of blinking
 j - 2 scrolls of amnesia
Potions
 d - 5 potions of curing
 e - 3 potions of heal wounds
 f - a potion of invisibility
 g - 4 potions of magic
Books
 b - a Young Poisoner's Handbook

   Spells                             Type                      Level
   a - Sting                          Conjuration/Poison           1
   b - Cure Poison                    Poison                       2
   c - Mephitic Cloud                 Conjuration/Poison/Air       3
   d - Olgreb's Toxic Radiance        Poison                       4
   e - Venom Bolt                     Conjuration/Poison           5
Comestibles
 c - a bread ration


   Skills:
 + Level 0.6 Fighting
 * Level 2.4 Staves
 + Level 3.0 Dodging
 - Level 3.2 Stealth
 + Level 3.0 Spellcasting
 + Level 0.4 Conjurations
 * Level 12.1 Poison Magic


You had 6 spell levels left.
You knew the following spells:

 Your Spells              Type           Power        Failure   Level  Hunger
a - Sting                 Conj/Pois      ####         1%          1    None
b - Mephitic Cloud        Conj/Pois/Air  ###.....     10%         3    ###....


Dungeon Overview and Level Annotations

Branches:
Dungeon (1/1)

Altars:
Cheibriados
Dithmenos
Elyvilon
Fedhas
Gozag
Kikubaaqudgha
Makhleb
Nemelex Xobeh
Okawaru
Pakellas
Qazlal
Ru
Sif Muna
Trog
Vehumet
Xom
Yredelemnul
Zin
The Shining One
Beogh
Jiyva
Lugonu


Innate Abilities, Weirdness & Mutations

You cannot wear boots.
Your serpentine skin is tough (AC +1).
You have supernaturally acute eyesight.
Armour fits poorly on your strangely shaped body.
Your system is resistant to poisons.
You cover ground very slowly.
You have a slow metabolism.
You can spit poison.


Message History

Okay, then.
Drink which item? (? for menu, Esc to quit)
Okay, then.
Evoke which item? (* to show all) (? for menu, Esc to quit)
Okay, then.
Casting: Mephitic Cloud
Confirm with . or Enter, or press ? or * to list all spells.
Okay, then.
Press: ? - help, Shift-Dir - straight line, f/p - hill giant
Aim: a hill giant, wielding a giant spiked club (heavily wounded, poisoned, confused)
The splash of poison hits the hill giant.
The hill giant is heavily wounded.
You feel slightly more hungry.
The hill giant looks more healthy.
Unknown command.
You catch the helpless hill giant completely off-guard!
You hit the hill giant.
The hill giant is heavily wounded.
The hill giant hits you with a giant spiked club!!!
Ouch! That really hurt!
You die...

▓+▓
▓.▓
▓.▓
▓h▓
▓.▓
▓l▓
▓C▓
▓@▓
▓.▓
▓.▓
▓.▓
▓.▓
▓[▓
▓)▓
▓.▓
▓.▓


You could see a hill giant (confused), a black bear and a giant gecko.

Vanquished Creatures
  A sky beast (D)
  A crimson imp (D)
  A dart slug (D)
  A giant gecko (D)
  2 orcs (D)
  A bat zombie (D)
  2 bats (D)
  A giant cockroach zombie (D)
  A giant newt (D)
  A jackal zombie (D)
  A rat (D)
13 creatures vanquished.

Notes
Turn   | Place    | Note
--------------------------------------------------------------
     0 | D        | chei the Naga Venom Mage began the quest for the Orb.
     0 | D        | Reached XP level 1. HP: 15/15 MP: 3/3
    12 | D        | Reached skill level 6 in Poison Magic
    24 | D        | Reached skill level 7 in Poison Magic
    24 | D        | Reached XP level 2. HP: 7/22 MP: 0/5
   231 | D        | Noticed a crimson imp
   247 | D        | Killed a crimson imp
   247 | D        | Reached skill level 9 in Poison Magic
   247 | D        | Reached XP level 3. HP: 28/28 MP: 0/6
   273 | D        | Found a glowing silver altar of Zin.
   273 | D        | Found a glowing golden altar of the Shining One.
   273 | D        | Found an ancient bone altar of Kikubaaqudgha.
   273 | D        | Found a basalt altar of Yredelemnul.
   273 | D        | Found a shimmering altar of Xom.
   273 | D        | Found a radiant altar of Vehumet.
   277 | D        | Found an iron altar of Okawaru.
   286 | D        | Found a burning altar of Makhleb.
   287 | D        | Found a deep blue altar of Sif Muna.
   288 | D        | Found a bloodstained altar of Trog.
   289 | D        | Found a sparkling altar of Nemelex Xobeh.
   290 | D        | Found a white marble altar of Elyvilon.
   291 | D        | Found a roughly hewn altar of Beogh.
   292 | D        | Found a viscous altar of Jiyva.
   293 | D        | Found a corrupted altar of Lugonu.
   294 | D        | Found a blossoming altar of Fedhas.
   295 | D        | Found a snail-covered altar of Cheibriados.
   296 | D        | Found a shadowy altar of Dithmenos.
   297 | D        | Found a stormy altar of Qazlal.
   298 | D        | Found an opulent altar of Gozag.
   299 | D        | Found a sacrificial altar of Ru.
   300 | D        | Found an oddly glowing altar of Pakellas.
   303 | D        | Became a worshipper of Cheibriados the Contemplative
   392 | D        | Learned a level 3 spell: Mephitic Cloud
   392 | D        | Noticed a black bear
   392 | D        | Noticed a hill giant
   392 | D        | Noticed a sky beast
   393 | D        | Reached * piety under Cheibriados
   398 | D        | Killed a sky beast
   398 | D        | Reached ** piety under Cheibriados
   398 | D        | Reached skill level 12 in Poison Magic
   398 | D        | Reached XP level 4. HP: 27/37 MP: 3/8
   398 | D        | Reached XP level 5. HP: 31/43 MP: 3/9
   400 | D        | Mangled by a hill giant

Vault maps used:
D:        linesprint

Skill      XL: |  1  2  3 |
---------------+----------+-----
Poison Magic   | 7 9 12 | 12.1
Dodging        | 2 3 |  3.0
Staves         | 2 |  2.4
Spellcasting   | 3 |  3.0
Fighting       | |  0.6
Stealth        | |  3.2
Conjurations   | |  0.4

Action                   |  1- 3 |  4- 6 || total
-------------------------+-------+-------++-------
Melee: Unarmed           |    15 |       ||    15
       Lajatang          |     1 |     1 ||     2
 Cast: Sting             |     8 |       ||     8
       Mephitic Cloud    |     1 |       ||     1
 Abil: Spit Poison       |     6 |     1 ||     7
Evoke: Wand              |     1 |     1 ||     2
  Use: Potion            |     2 |       ||     2
 Stab: Sleeping          |     1 |       ||     1
       Confused          |       |     1 ||     1
